[Event "Polonia Wroclaw Masters Cup-GM"]
[Site "Wroclaw"]
[Date "2019.04.30"]
[Round "3.2"]
[White "Kozak, Antoni"]
[Black "Tazbir, Marcin"]
[Result "1/2-1/2"]
[ECO "E32"]
[WhiteElo "2404"]
[BlackElo "2540"]
[Annotator "RC"]
[PlyCount "75"]
[EventDate "2019.04.28"]
[EventType "tourn"]
[EventCountry "POL"]
[SourceTitle "playchess.com"]
[Source "ChessBase"]
[SourceQuality "1"]
[TimeControl "40/5400+30:900+30"]

1. d4 Nf6 2. c4 e6 3. Nc3 Bb4 4. Qc2 O-O 5. Bg5 h6 6. Bh4 d6 7. e3 b6 8. Bd3 Bb7 9. Nge2 g5 10. Bg3 Bxg2 11. Rg1 Bf3 12. h4 g4 13. O-O-O Bxc3 14. Nxc3 Bxd1 15. Qxd1 h5 16. Bf4 Nbd7 17. f3 Kh8 18. fxg4 Qe8 19. Nb5 Rc8 20. Nxa7 Ra8 21. Nb5 Rc8 22. Bxd6 cxd6 23. Nxd6 Qe7 24. Nxc8 Rxc8 25. gxh5 e5 26. Qf3 b5 27. c5 exd4 28. exd4 Nxc5 29. dxc5 Qxc5+ 30. Kd2 Qb4+ 31. Kd1 Qa4+ 32. Kd2 Qd4 33. Rc1 Qxb2+ 34. Rc2 Qb4+ 35. Kd1 Qb1+ 36. Kd2 Qb4+ 37. Kd1 Qb1+ 38. Kd2 1/2-1/2

[Event "Polonia Wroclaw Masters Cup-GM"]
[Site "Wroclaw"]
[Date "2019.05.01"]
[Round "4.1"]
[White "Cukrowski, Filip"]
[Black "Przybylski, Wojciech"]
[Result "1-0"]
[ECO "B40"]
[WhiteElo "2421"]
[BlackElo "2320"]
[Annotator "NA"]
[PlyCount "123"]
[EventDate "2019.04.28"]
[EventType "tourn"]
[EventCountry "POL"]
[SourceTitle "playchess.com"]
[Source "ChessBase"]
[SourceQuality "1"]
[TimeControl "40/5400+30:900+30"]

1. e4 c5 2. Nf3 e6 3. Nc3 Nc6 4. Bb5 Nge7 5. O-O Nd4 6. Nxd4 cxd4 7. Ne2 Nc6 {[%emt 0:02:34] B30: Sicilian: 2...Nc6 3 Bb5, lines without ...g6} (7... a6 8. Bd3 Nc6 9. c3 dxc3 10. bxc3 Be7 11. Bc2 d6 12. d4 O-O 13. Ng3 e5 14. Kh1 b5 15. a4 Bd7 16. f4 Rc8 17. dxe5 dxe5 18. axb5 axb5 19. f5 b4 20. Nh5 f6 21. Bh6 Be8 22. Bb3+ Bf7 23. Qg4 {1-0 (23) Guseinov,G (2664)-Miton,K (2588) St Petersburg 2018}) 8. d3 Qb6 9. Ba4 d6 10. c3 dxc3 11. bxc3 Be7 12. Be3 Qc7 13. f4 O-O $146 ({Predecessor:} 13... Bd7 14. Rb1 O-O 15. f5 exf5 16. exf5 Bf6 17. Qd2 Ne5 18. Bxd7 Nxd7 {½-½ (18) Perdek,M (2232)-Simanjuntak,S (2260) Thessaloniki 2009}) 14. f5 Ne5 15. h3 d5 (15... exf5 $11 16. exf5 b6) 16. Bf4 Qb6+ 17. Kh1 f6 18. exd5 exd5 19. Rb1 Qa6 20. d4 Bxf5 21. Bb5 Qe6 22. dxe5 fxe5 23. Rb2 Bxh3 24. Bh2 Bg4 25. Rxf8+ Rxf8 26. Ba4 (26. c4 $11 {keeps the balance.}) 26... Kh8 27. Qe1 Qa6 28. Bb5 Qh6 29. Ng1 e4 30. Qg3 Be6 31. Be2 Bc5 32. Rb1 b6 33. Nh3 Qd2 {[%emt 0:00:25] Double Attack} 34. Qe1 Qxa2 {[%emt 0:00:29] [#]} (34... Qh6 $11 {keeps the balance.}) 35. Ra1 $1 Qc2 36. Nf4 ({White should play} 36. Be5 $18 Bxh3 37. Rxa7 Bxg2+ 38. Kxg2) 36... Bf7 37. Rxa7 d4 38. cxd4 Bxd4 39. Rc7 Qb2 (39... Qxc7 $2 {[#] too greedy.} 40. Ng6+ $1 {[%mdl 576] Discovered Attack} Bxg6 41. Bxc7 $18) 40. Qc1 Qxc1+ 41. Rxc1 Ra8 42. Bb5 e3 43. Ne2 Bc5 44. Be5 Rd8 45. Ra1 Kg8 46. Bc3 h6 47. Kg1 Bb3 48. Kf1 Rf8+ 49. Ke1 Bd5 50. Ra7 Rf7 51. Rxf7 Kxf7 52. Nf4 Bb3 53. Ke2 g5 54. Nd3 Bd6 55. Kxe3 h5 56. Ne5+ Ke7 57. Bc6 ({White should play} 57. Ke4 $16) 57... Be6 58. Bd4 Bc7 59. Bf3 g4 {[%emt 0:00:41] [#]} 60. Be4 (60. Ng6+ $1 $16 Kf7 61. Be4) 60... b5 $16 (60... Bxe5 $1 $11 61. Bxe5 h4) 61. g3 Ba5 62. Nc6+ 1-0

[Event "Polonia Wroclaw Masters Cup-GM"]
[Site "Wroclaw"]
[Date "2019.05.01"]
[Round "5.1"]
[White "Kozak, Antoni"]
[Black "Cukrowski, Filip"]
[Result "0-1"]
[ECO "E32"]
[WhiteElo "2404"]
[BlackElo "2421"]
[Annotator "NA"]
[PlyCount "76"]
[EventDate "2019.04.28"]
[EventType "tourn"]
[EventCountry "POL"]
[SourceTitle "playchess.com"]
[Source "ChessBase"]
[SourceQuality "1"]
[TimeControl "40/5400+30:900+30"]

1. d4 Nf6 2. c4 e6 3. Nc3 Bb4 4. Qc2 O-O 5. a3 Bxc3+ 6. Qxc3 d6 7. f3 Nbd7 8. e4 e5 9. d5 a5 10. Bd3 Nh5 11. Ne2 Nc5 12. Bc2 Qe7 13. Be3 Bd7 14. b4 Na6 15. O-O g6 16. Bd3 f5 17. c5 f4 18. Bf2 g5 19. c6 bxc6 20. dxc6 Bc8 21. b5 Nc5 22. Bxc5 dxc5 23. Rac1 g4 24. Qxc5 Qg7 25. Qd5+ Kh8 26. Rc5 Re8 27. Bc4 Be6 28. Qd3 Qf8 29. Rd5 Bxd5 30. Bxd5 Nf6 31. a4 gxf3 32. gxf3 Rad8 33. Nc3 Qh6 34. Qe2 Rg8+ 35. Bxg8 Rxg8+ 36. Kh1 Nh5 37. Qf2 Ng3+ 38. Kg2 Nxe4+ 0-1

[Event "Polonia Wroclaw Masters Cup-GM"]
[Site "Wroclaw"]
[Date "2019.05.01"]
[Round "5.4"]
[White "Swayams, Mishra"]
[Black "Sivuk, Vitaliy"]
[Result "1/2-1/2"]
[ECO "A48"]
[WhiteElo "2478"]
[BlackElo "2523"]
[Annotator "ChessBase"]
[PlyCount "22"]
[EventDate "2019.04.28"]
[EventType "tourn"]
[EventCountry "POL"]
[SourceTitle "playchess.com"]
[Source "ChessBase"]
[SourceQuality "1"]
[TimeControl "40/5400+30:900+30"]

1. d4 Nf6 2. Nf3 g6 3. Bg5 Bg7 4. Nbd2 O-O 5. c3 h6 6. Bh4 d6 7. e4 c5 8. dxc5 dxc5 9. Bc4 Nc6 10. Qe2 Na5 11. Bd3 Nh5 1/2-1/2

[Event "Polonia Wroclaw Masters Cup-GM"]
[Site "Wroclaw"]
[Date "2019.05.01"]
[Round "5.5"]
[White "Przybylski, Wojciech"]
[Black "Skawinski, Arkadiusz"]
[Result "1/2-1/2"]
[ECO "C91"]
[WhiteElo "2320"]
[BlackElo "2392"]
[Annotator "NA"]
[PlyCount "48"]
[EventDate "2019.04.28"]
[EventType "tourn"]
[EventCountry "POL"]
[SourceTitle "playchess.com"]
[Source "ChessBase"]
[SourceQuality "1"]
[TimeControl "40/5400+30:900+30"]

1. e4 e5 2. Nf3 Nc6 3. Bb5 a6 4. Ba4 Nf6 5. O-O Be7 6. Re1 b5 7. Bb3 d6 8. c3 O-O 9. d4 Bg4 10. Be3 Bh5 11. h3 Na5 12. Bc2 Nc4 13. Bc1 Nd7 14. b3 Ncb6 15. Nbd2 Bf6 16. Bb2 Re8 17. Nf1 Bg6 18. d5 Qc8 19. Ne3 c6 20. c4 bxc4 21. Nxc4 Nxc4 22. bxc4 Nb6 23. Bb3 a5 24. a4 c5 1/2-1/2

[Event "Polonia Wroclaw Masters Cup-GM"]
[Site "Wroclaw"]
[Date "2019.05.02"]
[Round "6.5"]
[White "Kozak, Antoni"]
[Black "Pranav Anand"]
[Result "1/2-1/2"]
[ECO "E34"]
[WhiteElo "2404"]
[BlackElo "2359"]
[Annotator "NA"]
[PlyCount "148"]
[EventDate "2019.04.28"]
[EventType "tourn"]
[EventCountry "POL"]
[SourceTitle "playchess.com"]
[Source "ChessBase"]
[SourceQuality "1"]
[TimeControl "40/5400+30:900+30"]

1. d4 Nf6 2. c4 e6 3. Nc3 Bb4 4. Qc2 d5 5. cxd5 Qxd5 6. Nf3 Qf5 7. Qxf5 exf5 8. Bd2 c6 9. e3 Nbd7 10. Bd3 Nb6 11. O-O Be6 12. Nb5 Bxd2 13. Nc7+ Kd8 14. Nxa8 Nc4 15. Bxc4 Bxc4 16. Nxd2 Bxf1 17. Kxf1 Kd7 18. Nc4 Rxa8 19. Ne5+ Ke7 20. g3 Nd5 21. Ke2 f6 22. Nd3 Kd6 23. h3 h5 24. h4 g6 25. Kd2 Nc7 26. Nc5 b6 27. Nd3 Ne6 28. Rc1 Rc8 29. Ke2 Rc7 30. b3 Re7 31. Kf3 Rc7 32. Rd1 Rd7 33. Nb4 a5 34. Nd3 Kc7 35. Ke2 Rd8 36. Rc1 Kb7 37. Nf4 Nxf4+ 38. gxf4 Kc7 39. f3 Kd6 40. Rg1 Rg8 41. e4 Ke6 42. Ke3 Rg7 43. Rg2 Rg8 44. Kd3 fxe4+ 45. fxe4 f5 46. d5+ cxd5 47. e5 g5 48. hxg5 h4 49. Rh2 Rh8 50. Rh3 Rh7 51. Kd4 Rh8 52. g6 Rh6 53. a4 Rxg6 54. Rxh4 Rg4 55. Rh6+ Ke7 56. Kxd5 Rxf4 57. Rh7+ Kd8 58. Ke6 Rf3 59. Kf7 Rxb3 60. e6 Re3 61. Rh4 Kc7 62. e7 Kd7 63. Rd4+ Kc6 64. e8=Q+ Rxe8 65. Kxe8 b5 66. Rf4 bxa4 67. Rxf5 Kb6 68. Kd7 a3 69. Kd6 a4 70. Rf3 Kb5 71. Rxa3 Kb4 72. Ra1 a3 73. Kd5 Kb3 74. Rxa3+ Kxa3 1/2-1/2

[Event "Polonia Wroclaw Masters Cup-GM"]
[Site "Wroclaw"]
[Date "2019.05.03"]
[Round "7.3"]
[White "Swayams, Mishra"]
[Black "Gumularz, Szymon"]
[Result "1-0"]
[ECO "A05"]
[WhiteElo "2478"]
[BlackElo "2483"]
[Annotator "ChessBase"]
[PlyCount "49"]
[EventDate "2019.04.28"]
[EventType "tourn"]
[EventCountry "POL"]
[SourceTitle "playchess.com"]
[Source "ChessBase"]
[SourceQuality "1"]
[TimeControl "40/5400+30:900+30"]

1. Nf3 Nf6 2. c4 d6 3. d4 g6 4. b3 Bg7 5. Bb2 c5 6. g3 Ne4 7. Bg2 Qa5+ 8. Nfd2 Nxd2 9. Bc3 Qb6 10. dxc5 Nxb1 11. Bxg7 Qb4+ 12. Kf1 Rg8 13. Bh6 g5 14. h4 Bf5 15. Bxg5 Nc6 16. Rxb1 Bxb1 17. Qxb1 Qxc5 18. Qxh7 O-O-O 19. Qxf7 Kb8 20. Qd5 Qb6 21. Qb5 Qxb5 22. cxb5 Nd4 23. Bxe7 Rd7 24. Bf6 Rc7 25. Bd5 1-0

[Event "Polonia Wroclaw Masters Cup-GM"]
[Site "Wroclaw"]
[Date "2019.05.03"]
[Round "7.5"]
[White "Skawinski, Arkadiusz"]
[Black "Sivuk, Vitaliy"]
[Result "1/2-1/2"]
[ECO "B51"]
[WhiteElo "2392"]
[BlackElo "2523"]
[Annotator "ChessBase"]
[PlyCount "57"]
[EventDate "2019.04.28"]
[EventType "tourn"]
[EventCountry "POL"]
[SourceTitle "playchess.com"]
[Source "ChessBase"]
[SourceQuality "1"]
[TimeControl "40/5400+30:900+30"]

1. e4 c5 2. Nf3 d6 3. Bb5+ Nd7 4. O-O a6 5. Bd3 Ngf6 6. Re1 g6 7. c3 Bg7 8. Bc2 O-O 9. d4 e5 10. dxe5 Nxe5 11. Nxe5 dxe5 12. Qxd8 Rxd8 13. Be3 Bf8 14. f3 Be6 15. Nd2 b5 16. Red1 c4 17. b4 cxb3 18. axb3 Rdc8 19. c4 bxc4 20. Nxc4 Bxc4 21. bxc4 Rxc4 22. Bd3 Rc3 23. Bg5 Rc6 24. Bb5 Rb6 25. Bc4 Bc5+ 26. Kf1 Bd4 27. Rdb1 Nd7 28. Rxb6 Nxb6 29. Rxa6 1/2-1/2

[Event "Polonia Wroclaw Masters Cup-GM"]
[Site "Wroclaw"]
[Date "2019.05.04"]
[Round "8.1"]
[White "Cukrowski, Filip"]
[Black "Sivuk, Vitaliy"]
[Result "1/2-1/2"]
[ECO "C01"]
[WhiteElo "2416"]
[BlackElo "2523"]
[Annotator "ChessBase"]
[PlyCount "63"]
[EventDate "2019.04.28"]
[EventType "tourn"]
[EventCountry "POL"]
[SourceTitle "playchess.com"]
[Source "ChessBase"]
[SourceQuality "1"]
[TimeControl "40/5400+30:900+30"]

1. e4 e6 2. d4 d5 3. exd5 exd5 4. Nf3 Nf6 5. Bd3 c5 6. O-O c4 7. Be2 Bd6 8. b3 cxb3 9. axb3 O-O 10. Bg5 Nc6 11. c4 h6 12. Bxf6 Qxf6 13. Nc3 dxc4 14. Ne4 Qe7 15. Nxd6 Qxd6 16. bxc4 Bg4 17. h3 Bh5 18. Rb1 b6 19. c5 bxc5 20. dxc5 Qf6 21. Qd6 Qxd6 22. cxd6 Rab8 23. g4 Bg6 24. Rbc1 Be4 25. Rfd1 Rfd8 26. Rc5 Rb2 27. Kf1 Rc2 28. Rxc2 Bxc2 29. Rd2 Be4 30. Ne1 Na5 31. Ra2 Nb7 32. Rxa7 1/2-1/2

[Event "Polonia Wroclaw Masters Cup-GM"]
[Site "Wroclaw"]
[Date "2019.05.04"]
[Round "8.2"]
[White "Tazbir, Marcin"]
[Black "Skawinski, Arkadiusz"]
[Result "1/2-1/2"]
[ECO "E06"]
[WhiteElo "2534"]
[BlackElo "2392"]
[Annotator "ChessBase"]
[PlyCount "21"]
[EventDate "2019.04.28"]
[EventType "tourn"]
[EventCountry "POL"]
[SourceTitle "playchess.com"]
[Source "ChessBase"]
[SourceQuality "1"]
[TimeControl "40/5400+30:900+30"]

1. Nf3 d5 2. d4 Nf6 3. c4 e6 4. g3 Be7 5. Bg2 O-O 6. O-O dxc4 7. Ne5 Nc6 8. Bxc6 bxc6 9. Nxc6 Qe8 10. Nxe7+ Qxe7 11. Na3 1/2-1/2

[Event "Polonia Wroclaw Masters Cup-GM"]
[Site "Wroclaw"]
[Date "2019.05.04"]
[Round "8.3"]
[White "Gumularz, Szymon"]
[Black "Przybylski, Wojciech"]
[Result "1-0"]
[ECO "E48"]
[WhiteElo "2483"]
[BlackElo "2320"]
[Annotator "ChessBase"]
[PlyCount "79"]
[EventDate "2019.04.28"]
[EventType "tourn"]
[EventCountry "POL"]
[SourceTitle "playchess.com"]
[Source "ChessBase"]
[SourceQuality "1"]
[TimeControl "40/5400+30:900+30"]

1. d4 Nf6 2. c4 e6 3. Nc3 Bb4 4. e3 O-O 5. Bd3 d5 6. cxd5 exd5 7. Nge2 Re8 8. Bd2 Bd6 9. Rc1 a6 10. O-O Nc6 11. f3 Nb4 12. Bb1 c5 13. Qe1 Nc6 14. Qh4 Ne7 15. g4 Ng6 16. Qf2 Be6 17. Kh1 Nd7 18. e4 cxd4 19. Nxd4 dxe4 20. Nxe4 Bf8 21. Rfd1 Nf6 22. Be1 Qe7 23. Nf5 Bxf5 24. gxf5 Ne5 25. Bc3 Nxe4 26. Bxe4 Ng4 27. Qg3 Nf6 28. Bxb7 Nh5 29. Qg4 Qxb7 30. Qxh5 Re3 31. Rf1 Rae8 32. Rc2 Kh8 33. Rg2 Re2 34. Rg3 Qc6 35. Qxf7 Qh6 36. h3 R2e7 37. Qc4 Rd7 38. f6 Red8 39. Rfg1 Re8 40. Qg4 1-0

[Event "Polonia Wroclaw Masters Cup-GM"]
[Site "Wroclaw"]
[Date "2019.05.04"]
[Round "8.4"]
[White "Kozak, Antoni"]
[Black "Swayams, Mishra"]
[Result "0-1"]
[ECO "D38"]
[WhiteElo "2374"]
[BlackElo "2473"]
[Annotator "ChessBase"]
[PlyCount "68"]
[EventDate "2019.04.28"]
[EventType "tourn"]
[EventCountry "POL"]
[SourceTitle "playchess.com"]
[Source "ChessBase"]
[SourceQuality "1"]
[TimeControl "40/5400+30:900+30"]

1. d4 Nf6 2. c4 e6 3. Nf3 d5 4. Nc3 Bb4 5. cxd5 exd5 6. Bg5 h6 7. Bh4 c5 8. e3 g5 9. Bb5+ Nc6 10. Bg3 Ne4 11. O-O Bxc3 12. bxc3 c4 13. Rc1 O-O 14. Bxc6 bxc6 15. Ne5 Qe8 16. Qh5 Kg7 17. f4 f6 18. Qxe8 Rxe8 19. Nxc6 a5 20. fxg5 hxg5 21. Rb1 Nd2 22. Rb5 Nxf1 23. Kxf1 Re6 24. Nxa5 Rxe3 25. Rxd5 Rxc3 26. Rc5 Rc1+ 27. Kf2 c3 28. Bc7 Ba6 29. d5 Re8 30. Nc4 Rd1 31. d6 c2 32. Ne3 Rd2+ 33. Kf3 Be2+ 34. Kf2 Bc4+ 0-1

[Event "Polonia Wroclaw Masters Cup-GM"]
[Site "Wroclaw"]
[Date "2019.05.04"]
[Round "8.5"]
[White "Pranav Anand"]
[Black "Kantans, Toms"]
[Result "0-1"]
[ECO "E43"]
[WhiteElo "2378"]
[BlackElo "2513"]
[Annotator "ChessBase"]
[PlyCount "82"]
[EventDate "2019.04.28"]
[EventType "tourn"]
[EventCountry "POL"]
[SourceTitle "playchess.com"]
[Source "ChessBase"]
[SourceQuality "1"]
[TimeControl "40/5400+30:900+30"]

1. d4 Nf6 2. c4 e6 3. Nc3 Bb4 4. e3 b6 5. f3 O-O 6. e4 c5 7. d5 Re8 8. Nge2 d6 9. Ng3 b5 10. Kf2 bxc4 11. Bxc4 Ba6 12. Bxa6 Nxa6 13. dxe6 fxe6 14. Re1 c4 15. a3 Bc5+ 16. Be3 d5 17. e5 Nd7 18. Nxd5 exd5 19. Qxd5+ Kh8 20. Qxc4 Qb6 21. Rad1 Nxe5 22. Qc3 Bxe3+ 23. Rxe3 Rac8 24. Qd4 Nc5 25. b4 Na4 26. Qxb6 Nxb6 27. Nf5 Nec4 28. Rxe8+ Rxe8 29. Nd6 Nxd6 30. Rxd6 Kg8 31. f4 Rc8 32. Rd3 Kf7 33. Kf3 Ke6 34. g4 Nd5 35. Kg3 Rc4 36. Rf3 Re4 37. Rf1 Kd6 38. Rf3 Ne3 39. h3 Kd5 40. Kh4 Ng2+ 41. Kg5 h6+ 0-1

[Event "Polonia Wroclaw Masters Cup-GM"]
[Site "Wroclaw"]
[Date "2019.05.05"]
[Round "9.3"]
[White "Przybylski, Wojciech"]
[Black "Kozak, Antoni"]
[Result "1/2-1/2"]
[ECO "B12"]
[WhiteElo "2320"]
[BlackElo "2404"]
[Annotator "NA"]
[PlyCount "162"]
[EventDate "2019.04.28"]
[EventType "tourn"]
[EventCountry "POL"]
[SourceTitle "playchess.com"]
[Source "ChessBase"]
[SourceQuality "1"]
[TimeControl "40/5400+30:900+30"]

1. e4 c6 2. d4 d5 3. e5 Bf5 4. Nf3 e6 5. Be2 c5 6. Be3 cxd4 7. Nxd4 Ne7 8. Nd2 {[%emt 0:00:35] B12: Caro-Kann: Advance Variation} (8. O-O Nbc6 9. Bb5 a6 10. Bxc6+ Nxc6 11. Nxf5 exf5 12. c3 Be7 13. Nd2 Qd7 14. Nf3 Qe6 15. Qb3 O-O 16. Bb6 Bd8 {½-½ (40) Navara,D (2739)-Radjabov,T (2756) Shamkir 2019}) 8... Nbc6 9. N2f3 Be4 10. O-O Ng6 11. Nxc6 bxc6 12. Ng5 Be7 $1 13. Nxe4 dxe4 14. Qd4 Qxd4 15. Bxd4 O-O 16. Rfe1 $146 Rfd8 17. Bc3 Nf4 18. Bc4 Nd5 19. Ba5 Bb4 20. Bxb4 Nxb4 21. Bb3 Rd2 22. Rac1 Rad8 23. Kf1 ({But not} 23. Rxe4 Nxc2 24. g3 (24. Bxc2 Rxc2 25. Ree1 Rxb2 $17) 24... Nd4 $15) 23... c5 24. Rxe4 Nc6 25. Ba4 Ne7 26. Bb5 R2d5 27. Ra4 Ng6 (27... Nc8 $16) 28. Rxa7 Nf4 29. Re1 g5 30. Rc7 Ng6 31. Bc4 Rd2 32. Bb3 R8d4 33. c3 Rd8 34. Re2 Nf4 35. Rxd2 Rxd2 36. Rxc5 Rxb2 37. Rc8+ Kg7 38. Rd8 Kg6 39. c4 Kf5 $1 {[%emt 0:03:07] [#]} 40. g3 (40. Ke1 $1 $16) 40... Ng6 41. Rd1 Nxe5 42. c5 Ke4 (42... Kf6 $14) 43. Rc1 Nc6 44. Bc4 Rb8 45. a4 Ke5 46. Kg2 Rc8 47. Bb5 Nd4 48. h3 (48. Bd7 $16 Rc7 49. Be8) 48... Kd5 49. Bc4+ Kc6 50. a5 Ra8 51. a6 f5 (51... h6 $16) 52. g4 Ra7 53. Bd3 ({White should try} 53. f3 $16) 53... Nb3 $1 54. Rc3 Nxc5 55. gxf5 exf5 56. Bxf5 Rxa6 57. Bxh7 Kd6 58. Bc2 Rb6 59. Rc4 Ne6 60. h4 gxh4 61. Rxh4 Rb8 62. Ra4 Ke5 63. Ra5+ Kf6 64. Be4 Rg8+ 65. Kf1 Rg5 66. Ra8 Ke5 67. Bc2 Nf4 68. Re8+ Kf6 69. Rf8+ Ke5 70. Re8+ Kf6 71. Re4 Ne6 72. Bd1 Ra5 73. Bg4 Nc5 74. Re8 Nd3 75. Kg2 Ra2 76. Kg3 Nxf2 77. Be2 Rxe2 78. Rxe2 Nd3 79. Rd2 Nc5 80. Rd5 Ne6 81. Kg4 Ng7 1/2-1/2

[Event "Polonia Wroclaw Masters Cup-GM"]
[Site "Wroclaw"]
[Date "2019.05.05"]
[Round "9.4"]
[White "Skawinski, Arkadiusz"]
[Black "Gumularz, Szymon"]
[Result "1/2-1/2"]
[ECO "B06"]
[WhiteElo "2392"]
[BlackElo "2483"]
[Annotator "RC"]
[PlyCount "93"]
[EventDate "2019.04.28"]
[EventType "tourn"]
[EventCountry "POL"]
[SourceTitle "playchess.com"]
[Source "ChessBase"]
[SourceQuality "1"]
[TimeControl "40/5400+30:900+30"]

1. e4 g6 2. d4 Bg7 3. Nf3 d6 4. Be3 Nf6 5. Nc3 a6 6. Qd2 b5 7. Bh6 O-O 8. Bd3 Nc6 9. Nd5 Bg4 10. c3 Bxf3 11. gxf3 e6 12. Nxf6+ Qxf6 13. Be2 Bxh6 14. Qxh6 b4 15. h4 bxc3 16. bxc3 Qg7 17. Qxg7+ Kxg7 18. f4 d5 19. Bf3 Ne7 20. Rb1 Rab8 21. Kd2 h5 22. Rb3 Rb5 23. Rhb1 Ra5 24. R1b2 dxe4 25. Bxe4 c5 26. Rb7 Kf6 27. Rc7 cxd4 28. cxd4 Nf5 29. Rc5 Ra3 30. Bxf5 gxf5 31. Rc3 Ra4 32. Ke3 Rd8 33. Rd3 Rd5 34. a3 Rc4 35. Rb1 Rc2 36. Rb6 a5 37. Rb1 Rc8 38. Rg1 Rb5 39. Rg5 a4 40. Rxh5 Rb3 41. d5 Rxd3+ 42. Kxd3 Rd8 43. Rg5 Rxd5+ 44. Ke3 Rb5 45. Rg3 Rb1 46. h5 Re1+ 47. Kf3 1/2-1/2